Map: Frostline LE

Players

HUMAN - Winner!

  • Race: Protoss Protoss
  • League: Silver
  • Spawn Location: 7:00

VOD

Have the link to the VOD?

Description

Time

  • Played on: Feb. 10, 2025, 6:13 a.m.
  • Length: 10:49
Show
View Real Time Build Order
Export as new Build Order

HUMAN Protoss - Winner!

Build Orders:  

Get SALT Encoding   

  12  0:03  Probe (Chrono Boost)  
  13  0:26  Probe (Chrono Boost)  
  13  0:29  Pylon  
  14  0:42  Probe (Chrono Boost)  
  15  0:53  Probe (Chrono Boost)  
  16  1:04  Probe (Chrono Boost)  
  16  1:05  Gateway  
  17  1:19  Probe (Chrono Boost)  
  18  1:36  Assimilator, Probe (Chrono Boost)  
  19  1:53  Probe (Chrono Boost)  
  20  2:01  Nexus  
  21  2:12  Probe (Chrono Boost)  
  21  2:19  Cybernetics Core  
  21  2:26  Probe (Chrono Boost)  
  22  2:31  Assimilator  
  22  2:38  Probe (Chrono Boost)  
  23  3:02  Pylon  
  23  3:27  Robotics Facility  
  23  3:28  Probe (Chrono Boost)  
  26  3:39  Probe (Chrono Boost)  
  26  3:40  Probe (Chrono Boost)  
  28  3:51  Probe x2 (Chrono Boost)  
  30  4:00  Twilight Council  
  30  4:04  Probe (Chrono Boost)  
  30  4:07  Probe (Chrono Boost)  
  30  4:09  Unknown  
  32  4:19  Probe (Chrono Boost)  
  33  4:24  Probe (Chrono Boost)  
  33  4:29  Observer  
  34  4:31  Probe (Chrono Boost)  
  34  4:33  Warp Gate  
  37  4:41  Probe (Chrono Boost)  
  37  4:42  Probe (Chrono Boost)  
  37  4:45  Pylon  
  38  4:57  Probe (Chrono Boost)  
  38  4:59  Immortal  
  44  5:00  Probe (Chrono Boost)  
  44  5:10  Shield Battery  
  44  5:12  Probe (Chrono Boost)  
  44  5:14  Probe (Chrono Boost)  
  46  5:23  Probe (Chrono Boost)  
  48  5:31  Probe (Chrono Boost)  
  48  5:37  Probe (Chrono Boost)  
  48  5:39  Gateway  
  49  5:42  Gateway  
  49  5:48  Probe (Chrono Boost)  
  50  5:54  Assimilator, Probe (Chrono Boost)  
  50  5:57  Assimilator  
  51  6:00  Stalker  
  53  6:10  Dark Shrine  
  53  6:15  Gateway  
  53  6:18  Gateway  
  53  6:19  Forge  
  53  6:22  Gateway  
  53  6:26  Gateway  
  53  6:33  Gateway  
  53  6:39  Charge  
  53  6:58  Pylon  
  53  7:05  Pylon  
  53  7:09  Probe (Chrono Boost)  
  54  7:21  Pylon  
  54  7:23  Warp Prism  
  56  7:37  Pylon  
  56  7:40  Protoss Ground Weapons Level 1  
  56  7:48  Zealot x4  
  56  7:49  Zealot x2  
  68  7:58  Dark Templar x2  
  72  8:23  Dark Templar x3  
  72  8:27  Zealot x3  
  84  9:02  Observer  
  84  9:03  Forge  
  84  9:05  Forge  
  84  9:14  Pylon  
  84  9:15  Blink  
  84  9:16  Pylon  
  84  9:24  Pylon  
  84  9:40  Immortal  
  84  9:46  Pylon  
  84  9:49  Archon  
  88  9:52  Archon  
  88  9:56  Dark Templar x2  
  88  9:57  Dark Templar x2  
  88  9:59  Zealot x4  
  104  10:03  Archon x2  
  104  10:18  Unknown  
Tags
 
League
Silver
Matchup
Co-op
Add a new tag
Caveats
  • Supply blocks, unpowered buildings, or Contaminate may cause inaccurate times.
  • Supply counts are checked every 10 seconds.